 Zot Defence DCSS version 0.14-a0-3367-g7c2a7eb (webtiles) character file.

12 Froboctopus the Grave Robber (level 2, -1/28 HPs)
             Began as a Demonspawn Necromancer on Mar 19, 2014.
             Slain by Xedu the centaur zombie (3 damage)
             ... in the Realm of Zot (Scenario I: Hall of Zot).
             The game lasted 00:01:00 (242 turns).

Froboctopus the Grave Robber (DsNe)                  Turns: 242, Time: 00:01:00

HP  -1/28        AC  2     Str 13      XL: 2   Next: 20%
MP   1/5         EV 12     Int 16      God:
Gold 0           SH  0     Dex 13      Spells:  2 memorised,  4 levels left

rFire  . . .     SeeInvis .     (no weapon)
rCold  . . .     Clarity  .     a - +0 robe
rNeg   . . .     Conserve .     (no shield)
rPois  .         rCorr    .     (no helmet)
rElec  .         rRot     .     (no cloak)
SustAb . .       Spirit   .     (no gloves)
rMut   .         Warding  .     (no boots)
Saprov . . .     Stasis   .     (no amulet)
MR     .....                    (no ring)
                                (no ring)

@: berserking (expiring), very quick, not resistant to hostile enchantments,
extremely unstealthy
A: claws 1
a: Make dart trap, Make oklob sapling


You were in the Realm of Zot.
You were not hungry.

You visited 1 branch

Inventory:

Armour
 a - a +0 robe (worn)
Comestibles
 d - a bread ration
Scrolls
 i - a scroll of blinking
Potions
 c - a potion of curing
 e - a potion of heal wounds
 f - a potion of haste
 g - 2 potions of magic
Books
 b - a book of Necromancy

   Spells                             Type                      Level
   *Pain                              Necromancy                   1
   *Animate Skeleton                  Necromancy                   1
   Lethal Infusion                    Charms/Necromancy            2
   Vampiric Draining                  Necromancy                   3
   Regeneration                       Charms/Necromancy            3
   Animate Dead                       Necromancy                   4
   Control Undead                     Necromancy                   4


   Skills:
 + Level 1.7 Dodging
 - Level 1.7 Stealth
 + Level 0.0 Unarmed Combat
 * Level 2.6 Spellcasting
 * Level 4.5 Necromancy


You had 4 spell levels left.
You knew the following spells:

 Your Spells              Type           Power        Failure   Level  Hunger
a - Pain                  Necr           ###.         3%          1    #......
b - Animate Skeleton      Necr           N/A          3%          1    #......


Dungeon Overview and Level Annotations

Branches:
    Zot (1/1)

Altars:


Innate Abilities, Weirdness & Mutations

You have sharp fingernails.


Message History

The bat hits you but does no damage. The bat closely misses you.
The bat hits you but does no damage.
You hit Xedu. The bat barely misses you. The bat closely misses you.
The bat barely misses you. The bat closely misses you.
The bat barely misses you.
You barely miss Xedu. The bat hits you but does no damage. The bat misses you.
The bat completely misses you. The bat barely misses you.
Xedu closely misses you. The bat hits you but does no damage.
You hit Xedu. The bat hits you.
* * * LOW HITPOINT WARNING * * *
Xedu barely misses you. The bat completely misses you.
The bat hits you but does no damage. The bat misses you.
You claw Xedu! The bat barely misses you. The bat misses you.
The bat barely misses you. The bat closely misses you. Xedu hits you.
* * * LOW HITPOINT WARNING * * *
The bat hits you.
* * * LOW HITPOINT WARNING * * *
You hit Xedu. The bat closely misses you. The bat misses you.
The bat hits you but does no damage. Xedu hits you.
You die...

▓▓▓▓▓▓▓▓ ▓▓▓▓▓▓▓▓ ....▓▓▓▓
▓▓▓▓.... .......▓▓▓ ▓▓▓.......
.........▓▓ ▓▓.........
..........▓ ▓▓▓▓▓▓▓▓▓ ▓..........
..........▓▓▓.......▓▓▓..........
..........▓▓.........▓▓..........
..........▓.....bb....▓..........
..............)%@Z...............
..........▓.....bb....▓..........
..........▓▓......%..▓▓..........
..........▓▓▓.......▓▓▓..........
..........# ▓▓▓▓▓▓▓▓▓ #..........
.........## ##.........
.......### ###....... ....####
####.... ######### #########


You could see Xedu the centaur zombie and 4 bats.

Vanquished Creatures
  3 bats (Zot)
  A kobold (Zot)
  2 giant newts (Zot)
  A goblin (Zot)
7 creatures vanquished.

Notes
Turn   | Place    | Note
--------------------------------------------------------------
     0 | Zot      | Froboctopus, the Demonspawn Necromancer, began the quest for the Orb.
     0 | Zot      | Reached XP level 1. HP: 13/13 MP: 3/3
   174 | Zot      | Learned a level 1 spell: Animate Skeleton
   225 | Zot      | Gained mutation: You have sharp fingernails. [demonic ancestry]
   225 | Zot      | Reached XP level 2. HP: 5/19 MP: 0/5
   232 | Zot      | Noticed Xedu
   242 | Zot      | Slain by Xedu the centaur zombie

Action                   || total
-------------------------++-------
Melee: Unarmed           ||    35
 Cast: Pain              ||     7
  Use: Potion            ||     3
